 Dungeon Crawl Stone Soup version 0.20.1-1-g8b1a95d (webtiles) character file.

63 Nidhoragg the Caller (level 4, -3/30 HPs)
             Began as a Merfolk Summoner on Oct 14, 2017.
             Slain by Grinder (4 damage)
             ... on level 3 of the Dungeon.
             The game lasted 00:34:04 (1975 turns).

Nidhoragg the Caller (Merfolk Summoner)             Turns: 1975, Time: 00:34:05

Health: -3/30      AC:  5    Str:  8    XL:     4   Next: 10%
Magic:  3/8        EV: 13    Int: 15    God:
Gold:   91         SH:  0    Dex: 14    Spells: 2/8 levels left

rFire    . . .     SeeInvis .   (no weapon)
rCold    . . .     Gourm    .   (no shield)
rNeg     . . .     Faith    .   n - +1 animal skin
rPois    .         Spirit   .   o - +1 helmet
rElec    .         Reflect  .   (no cloak)
rCorr    .         Harm     .   (no gloves)
MR       .....                  (no boots)
Stlth    ++........             (no amulet)
Regen    0.1/turn               (no ring)
MPRegen  0.2/turn               (no ring)

@: very slightly contaminated
A: change form in water, swift swim, stealthy swim
a: no special abilities


You were on level 3 of the Dungeon.
You were not hungry.

You visited 1 branch of the dungeon, and saw 3 of its levels.

You collected 91 gold pieces.

Inventory:

Missiles
 m - 5 tomahawks of returning (quivered)
Armour
 a - a +0 robe
 n - a +1 animal skin (worn)
 o - a +1 helmet (worn)
Jewellery
 j - an uncursed ring of ice
Scrolls
 e - a scroll of recharging
 k - a scroll of teleportation
Potions
 f - a potion of mutation {unknown}
 g - 2 potions of haste
 i - 2 potions of agility {unknown}
Books
 b - a book of Callings

   Spells                             Type                      Level
   a - Summon Small Mammal            Summoning                    1
   b - Call Imp                       Summoning                    2
   c - Call Canine Familiar           Summoning                    3
   d - Summon Guardian Golem          Hexes/Summoning              3
   e - Summon Lightning Spire         Summoning/Air                4
   f - Summon Ice Beast               Ice/Summoning                4
Comestibles
 c - 2 bread rations
 d - 2 meat rations
 h - 5 chunks of flesh


   Skills:
 + Level 2.9 Dodging
 + Level 2.6 Stealth
 + Level 2.9 Spellcasting
 + Level 4.7 Summonings


You had 2 spell levels left.
You knew the following spells:

 Your Spells              Type           Power        Failure   Level  Hunger
a - Summon Small Mammal   Summ           ###.         2%          1    #......
b - Call Imp              Summ           ###.....     4%          2    ##.....
c - Call Canine Familiar  Summ           ###.....     9%          3    ###....


Dungeon Overview and Level Annotations

Branches:
Dungeon (3/15)

Altars:
Dithmenos
Uskayaw
Vehumet

Annotations:
D:3 Grinder, Terence


Message History

a whip; a gnoll corpse Grinder blinks!
Your shadow imp completely misses Terence.
Grinder says, "Are you a fish?" Grinder gestures at you.
You suddenly lose the ability to move!
Grinder blinks!
The hobgoblin hits you but does no damage.
You can move again.
Unknown command.
Terence hits your shadow imp but does no damage.
Terence shouts, "Now you die!"
You hear the slow rusting of a very distant drain.
Grinder gestures at you. You resist with significant effort. Grinder hits you.
You writhe in agony.
Grinder hits you!
* * * LOW HITPOINT WARNING * * *
You writhe in agony.
You die...

###########
#......#..###
#.......)...##
#........##..##
#.......##....#
#####.......#._...#
#..)<).†...@##....#
###.###...(..g5##..##
#..<# #........5@.##
#g### ###.####..###
...5h# #.# ####
..#### #.# # #.# #.#
#.


You could see Grinder, Terence, a hobgoblin and a friendly shadow imp.

Vanquished Creatures (collateral kills)
  Robin (D:2)
  3 gnolls (D:3)
  An adder (D:2)
  An ooze (D:2)
  A worm (D:3)
  A dart slug (D:1)
  2 leopard geckos
  3 ball pythons
  10 goblins
  6 hobgoblins
  5 jackals
  4 kobolds (D:1)
  2 quokkas (D:2)
  5 bats
  2 frilled lizards
  4 rats
51 creatures vanquished.

Notes
Turn   | Place    | Note
-------+----------+-------------------------------------------
     0 | D:1      | Nidhoragg the Merfolk Summoner began the quest for the Orb.
     0 | D:1      | Reached XP level 1. HP: 13/13 MP: 3/3
   335 | D:1      | Reached XP level 2. HP: 6/19 MP: 0/5
   339 | D:1      | Learned a level 2 spell: Call Imp
  1094 | D:2      | Found a radiant altar of Vehumet.
  1352 | D:2      | Reached XP level 3. HP: 24/24 MP: 1/6
  1398 | D:2      | Noticed Robin
  1406 | D:2      | Killed Robin
  1454 | D:2      | Found a hide-covered altar of Uskayaw.
  1631 | D:2      | Learned a level 3 spell: Call Canine Familiar
  1871 | D:3      | Found a shadowy altar of Dithmenos.
  1880 | D:3      | Reached XP level 4. HP: 30/30 MP: 2/8
  1910 | D:3      | Noticed Grinder
  1919 | D:3      | Noticed Terence
  1964 | D:3      | Paralysed by Grinder for 2 turns
  1975 | D:3      | HP: 1/30 [Grinder (10)]
  1975 | D:3      | Slain by Grinder

Action                   |  1- 3 |  4- 6 || total
-------------------------+-------+-------++-------
Melee: Unarmed           |     1 |     2 ||     3
 Cast: Summon Small Mamm |    18 |       ||    18
       Call Imp          |    29 |     1 ||    30
       Call Canine Famil |     3 |     1 ||     4
  Use: Scroll            |     7 |       ||     7
  Eat: Chunk             |     5 |     1 ||     6
Armor: Robe              |     4 |       ||     4
       Animal skin       |     1 |     1 ||     2
Dodge: Dodged            |    37 |     5 ||    42
